 Dungeon Sprint DCSS version 0.27-a0-1006-g1fd4cec11e (webtiles) character file.

Game seed: 16207034011358726642

1379 mhtbhm the Thaumaturge (level 8, -19/41 HPs)
             Began as a Deep Elf Earth Elementalist on Apr 17, 2021.
             Was a Believer of Vehumet.
             Demolished by a boulder beetle (60 damage)
             ... in the Dungeon (Sprint IX: "|||||||||||||||||||||||||||||").
             The game lasted 00:02:37 (1271 turns).

mhtbhm the Thaumaturge (DEEE)                       Turns: 1271, Time: 00:02:38

Health: -19/41     AC:  3    Str:  8    XL:     8   Next: 39%
Magic:  10/28      EV: 15    Int: 23    God:    Vehumet [**....]
Gold:   0          SH:  0    Dex: 18    Spells: 21/36 levels left

rFire    . . .     SeeInvis .   a - +4 quarterstaff of Wondrous Power {vorpal, rCorr}
rCold    . . .     Faith    .   (shield currently unavailable)
rNeg     . . .     Spirit   .   c - +0 robe
rPois    .         Reflect  .   (no helmet)
rElec    .         Harm     .   l - +0 cloak
rCorr    +         Rampage  .   (no gloves)
Will     .....     NoTele   +   (no boots)
Stlth    +++.......             (no amulet)
HPRegen  0.13/turn              n - +3 ring of strength
MPRegen  0.21/turn              o - +3 ring of dexterity

@: no status effects
A: no striking features
a: Renounce Religion


You were in the Dungeon.
You worshipped Vehumet.
Vehumet was pleased with you.
You visited 1 branch

Inventory:

Hand Weapons
 a - the +4 quarterstaff of Wondrous Power (weapon) {vorpal, rCorr}
   (You found it in the Dungeon)

   It inflicts extra damage upon your enemies.
   It protects you from acid and corrosion.
Missiles
 b - 14 stones
Armour
 c - a +0 robe (worn)
 l - a +0 cloak (worn)
Jewellery
 n - a +3 ring of strength (left hand)
 o - a +3 ring of dexterity (right hand)
Wands
 k - a wand of iceblast (8)
Scrolls
 i - 2 scrolls of amnesia
Potions
 d - 5 potions of curing
 e - 3 potions of heal wounds
 f - a potion of haste
 g - 3 potions of magic
 h - a potion of berserk rage
 m - a potion of invisibility


   Skills:
 + Level 5.7 Dodging
 + Level 5.6 Stealth
 + Level 14.8 Spellcasting
 + Level 2.8 Transmutations
 + Level 14.0 Earth Magic
 + Level 1.3 Evocations


You had 21 spell levels left.
You knew the following spells:

 Your Spells              Type           Power      Damage    Failure   Level
a - Sandblast             Erth           100%       2d20      0%          1
b - Passwall              Tmut/Erth      45%        N/A       1%          2
c - Stone Arrow           Conj/Erth      98%        3d13      1%          3
d - Lee's Rapid Deconstr  Erth           34%        3d18*     1%          5
e - Petrify               Tmut/Erth      54%        N/A       1%          4

Your spell library contained the following spells:

 Spells                   Type           Power      Damage    Failure   Level
 Freeze                   Ice            68%        1d8       3%          1


Dungeon Overview and Level Annotations

Branches:
Dungeon (1/1)

Altars:
Cheibriados
Dithmenos
Elyvilon
Fedhas
Gozag
Hepliaklqana
Kikubaaqudgha
Makhleb
Nemelex Xobeh
Okawaru
Qazlal
Ru
Sif Muna
Trog
Uskayaw
Vehumet
Wu Jian
Xom
Yredelemnul
Zin
The Shining One
Beogh
Jiyva
Lugonu


Message History

Confirm with . or Enter, or press ? or * to list all spells.
Okay, then.
Casting: Lee's Rapid Deconstruction (dangerous; 1% risk of failure)
Confirm with . or Enter, or press ? or * to list all spells.
Aiming: Petrify (dangerous; 1% risk of failure)
Press: ? - help, Shift-Dir - straight line, f - boulder beetle
Aim: a boulder beetle (wandering, hasn't noticed you, chance to affect: 58%)
The boulder beetle is moving more slowly.
The boulder beetle curls into a ball and begins rolling!
Unknown command.
Press < or > to pray at altars.
Casting: Petrify (dangerous; 1% risk of failure)
Confirm with . or Enter, or press ? or * to list all spells.
Aiming: Lee's Rapid Deconstruction (dangerous; 1% risk of failure)
Press: ? - help, Dir - move target, f/p - boulder beetle Fragment what (e.g. wall or brittle monster)?: a boulder beetle (rolling, petrifying slowly)
The boulder beetle shatters!
The boulder beetle is lightly wounded.
You hear a shout!
Casting: Lee's Rapid Deconstruction (dangerous; 1% risk of failure)
Confirm with . or Enter, or press ? or * to list all spells.
Aiming: Lee's Rapid Deconstruction (dangerous; 1% risk of failure)
Press: ? - help, Dir - move target, f/p - boulder beetle Fragment what (e.g. wall or brittle monster)?: a boulder beetle (lightly wounded, rolling, petrifying slowly)
The boulder beetle shatters!!
The boulder beetle is heavily wounded.
Unknown command.
Press < or > to pray at altars.
Casting: Lee's Rapid Deconstruction (dangerous; 1% risk of failure)
Confirm with . or Enter, or press ? or * to list all spells.
Aiming: Lee's Rapid Deconstruction (dangerous; 1% risk of failure)
Press: ? - help, Dir - move target, f/p - boulder beetle Fragment what (e.g. wall or brittle monster)?: a boulder beetle (heavily wounded, rolling, petrifying slowly)
The boulder beetle shatters!
The boulder beetle is heavily wounded.
Unknown command.
Press < or > to pray at altars.
The boulder beetle hits you!!!
Ouch! That really hurt!
You die... ▓▓▓▓▓▓▓▓▓▓▓▓▓▓▓▓▓▓▓▓▓▓▓▓▓▓▓▓▓▓▓▓▓ C.°°○°°[[..).°○B@________________ ▓▓▓▓▓▓▓▓▓▓▓▓▓▓▓▓▓▓▓▓▓▓▓▓▓▓▓▓▓▓▓▓▓

You could see a boulder beetle (rolling, petrifying).

Vanquished Creatures
  A manticore (D)
  A hornet (D)
  3 shadows (D)
  A vampire (D)
  2 ogres (D)
  A centaur (D)
  An orc wizard (D)
  An ufetubus (D)
  A dart slug (D)
  An orc (D)
  An endoplasm (D)
  2 frilled lizards (D)
  A rat (D)
17 creatures vanquished.

Notes
Turn   | Place    | Note
-------+----------+-------------------------------------------
     0 | D        | mhtbhm the Deep Elf Earth Elementalist began the quest for
                  | the Orb.
     0 | D        | Reached XP level 1. HP: 10/10 MP: 6/6
   301 | D        | Noticed an ogre
   301 | D        | Noticed an ogre
   301 | D        | Noticed an orc wizard
   303 | D        | Killed an orc wizard
   304 | D        | Reached skill level 5 in Spellcasting
   304 | D        | Reached XP level 2. HP: 15/15 MP: 6/10
   304 | D        | Reached XP level 3. HP: 19/19 MP: 6/11
   307 | D        | Killed an ogre
   308 | D        | Reached XP level 4. HP: 15/24 MP: 4/15
   314 | D        | Killed an ogre
   315 | D        | Reached XP level 5. HP: 19/28 MP: 14/18
   319 | D        | Learned a level 2 spell: Passwall
   323 | D        | Learned a level 3 spell: Stone Arrow
   329 | D        | Learned a level 5 spell: Lee's Rapid Deconstruction
   334 | D        | Learned a level 4 spell: Petrify
   346 | D        | Found a snail-covered altar of Cheibriados.
   346 | D        | Found a shadowy altar of Dithmenos.
   346 | D        | Found a white marble altar of Elyvilon.
   346 | D        | Found a blossoming altar of Fedhas.
   346 | D        | Found an opulent altar of Gozag.
   347 | D        | Found a hazy altar of Hepliaklqana.
   348 | D        | Found a viscous altar of Jiyva.
   349 | D        | Found an ancient bone altar of Kikubaaqudgha.
   350 | D        | Found a corrupted altar of Lugonu.
   351 | D        | Found a burning altar of Makhleb.
   352 | D        | Found a sparkling altar of Nemelex Xobeh.
   353 | D        | Found an iron altar of Okawaru.
   354 | D        | Found a stormy altar of Qazlal.
   355 | D        | Found a sacrificial altar of Ru.
   356 | D        | Found a shimmering blue altar of Sif Muna.
   357 | D        | Found a bloodstained altar of Trog.
   358 | D        | Found a hide-covered altar of Uskayaw.
   359 | D        | Found a radiant altar of Vehumet.
   360 | D        | Found an ornate altar of the Wu Jian Council.
   361 | D        | Found a shimmering altar of Xom.
   362 | D        | Found a basalt altar of Yredelemnul.
   363 | D        | Found a glowing silver altar of Zin.
   364 | D        | Found a glowing golden altar of the Shining One.
   367 | D        | Became a worshipper of Vehumet
   392 | D        | Got the +4 quarterstaff of Wondrous Power {vorpal, rCorr}
   417 | D        | Noticed a shadow
   417 | D        | Noticed a shadow
   417 | D        | Noticed a hornet
   417 | D        | Noticed a vampire
   417 | D        | Noticed a centaur
   417 | D        | Noticed a shadow
   419 | D        | Killed a shadow
   420 | D        | Reached skill level 5 in Dodging
   420 | D        | Reached skill level 10 in Earth Magic
   420 | D        | Reached XP level 6. HP: 19/32 MP: 14/20
   421 | D        | Reached skill level 5 in Stealth
   421 | D        | Reached skill level 10 in Spellcasting
   423 | D        | Killed a vampire
   423 | D        | Reached * piety under Vehumet
   423 | D        | Offered knowledge of Foxfire by Vehumet.
   588 | D        | Killed a hornet
   589 | D        | Reached XP level 7. HP: 36/36 MP: 14/24
   627 | D        | Killed a shadow
   674 | D        | Killed a shadow
   674 | D        | Reached ** piety under Vehumet
   674 | D        | Offered knowledge of Freeze by Vehumet.
   675 | D        | Reached skill level 1 in Evocations
   675 | D        | Reached XP level 8. HP: 41/41 MP: 15/27
   940 | D        | Noticed a boulder beetle
   940 | D        | Noticed a cyclops
   940 | D        | Noticed a manticore
   952 | D        | Killed a manticore
  1271 | D        | Demolished by a boulder beetle

Illustrated notes

Levels and vault maps discovered:
D:        linesprint [early_d, line_temple, items_1, d_10, items_2, lair_1,
          lair_end, items_3, orc_1, orc_end, items_4, d_15, swamp_1, shoals_1,
          snake_1, spider_1, d_20, vaults_1, items_5, swamp_end, shoals_end,
          snake_end, spider_end, vaults_end, d_27, items_6, zot_1, zot_end,
          crypt_end, forest_end, elf_end, slime_end, tomb_end, abyss_end,
          pan_hell_end]

Skill      XL: |  1  2  3  4  5  6  7  8 |
---------------+-------------------------+-----
Earth Magic    | 6 8 9 10 12 13 14 | 14.0
Spellcasting   | 5 7 8 9 12 13 14 | 14.8
Dodging        | 3 4 5 |  5.7
Stealth        | 3 4 5 |  5.6
Transmutations | 2 |  2.8
Evocations     | 1 |  1.3

Action                   |  1- 3 |  4- 6 |  7- 9 || total
-------------------------+-------+-------+-------++-------
 Cast: Sandblast         |    12 |     4 |       ||    16
       Lee's Rapid Decon |       |     5 |    11 ||    16
       Petrify           |       |     1 |     2 ||     3
Evoke: Wand              |       |     2 |       ||     2
  Use: Scroll            |     1 |       |     1 ||     2
       Potion            |       |     1 |       ||     1
Dodge: Dodged            |       |     1 |     1 ||     2

Table legend: (Time is in decaauts)
 A = Elapsed time spent in this place.
 B = Non-inter-level travel time spent in this place.
 C = Inter-level travel time spent in this place.
 D = Time resting spent in this place.
 E = Time spent auto-exploring this place.
 F = Levels seen in this place.
 G = Mean time per level.
                   A        B        C        D        E       F      G
               +--------+--------+--------+--------+--------+-----+--------+
         Total |   1269 |   1269 |      0 |    983 |     68 |   1 | 1269.0 |
       Dungeon |   1269 |   1269 |      0 |    983 |     68 |   1 | 1269.0 |
               +--------+--------+--------+--------+--------+-----+--------+

Top non-repeatable levels by time:
       D: 1269 daAuts
